General information
- name: BNet
- type: Ladder team game (AT/RT)
- host: Battle.net
- saver: HUMAN.HORSEMEN
map: Cherryville
- players: 8
- length: 20:07
- speed: Fast
- version: 1.26 W3XP
- replay type: Public
» download(127 KB)
Players
team 1 (winner)
darenmatics (
pink | 128 APM | 2536 actions | 19:45)
5 Blademaster
3 Wind Walk
2 Critical Strike
2 Shadow Hunter
1 Hex
1 Healing Wave
» actions
| Assign group hotkey | 42 | |
| Basic commands | 202 | |
| Build / train | 88 | |
| ESC pressed | 9 | |
| Enter build submenu | 23 | |
| Enter hero's abilities submenu | 7 | |
| Give item / drop item | 4 | |
| Right click | 936 | |
| Select / deselect | 700 | |
| Select group hotkey | 394 | |
| Use ability | 131 | |
2536 total
» units
| Peon | 19 | |
| Grunt | 5 | |
| Spirit Walker | 3 | |
| Raider | 8 | |
| Kodo Beast | 2 | |
37 total
» upgrades
| Ensnare | 1 | |
| Spirit Walker Training | 2 | |
| Armor | 3 | |
| Pillage | 1 | |
| Reinforced Defenses | 1 | |
| Shaman Training | 1 | |
| War Drums Damage Increase | 1 | |
| Melee Weapons | 1 | |
11 total
» buildings
| Altar of Storms | 1 | |
| Orc Burrow | 9 | |
| Barracks | 1 | |
| Voodoo Lounge | 2 | |
| Stronghold | 1 | |
| War Mill | 2 | |
| Beastiary | 1 | |
| Spirit Lodge | 1 | |
| Fortress | 1 | |
| Watch Tower | 3 | |
| Great Hall | 1 | |
| Tauren Totem | 1 | |
24 total
» build order
00:06 Altar of Storms
00:22 Orc Burrow
00:37 Barracks
01:32 Orc Burrow
01:51 Voodoo Lounge
03:24 Stronghold
05:24 Orc Burrow
06:43 Orc Burrow
08:01 War Mill
08:19 Beastiary
08:21 Spirit Lodge
08:52 Orc Burrow
09:39 Orc Burrow
10:52 Fortress
12:37 War Mill
15:34 Watch Tower
15:39 Watch Tower
16:44 Watch Tower
16:47 Great Hall
18:18 Voodoo Lounge
18:20 Orc Burrow
18:25 Orc Burrow
18:56 Orc Burrow
19:06 Tauren Totem
» items
| Healing Salve | 8 | |
| Boots of Speed | 1 | |
| Circlet of Nobility | 1 | |
| Lesser Clarity Potion | 3 | |
| Orb of Lightning | 1 | |
| Scroll of Speed | 1 | |
| Scroll of Healing | 1 | |
| Scroll of Town Portal | 2 | |
18 total
InGodsHands (
teal | 38 APM | 742 actions | 19:45)
6 Blademaster
3 Wind Walk
2 Critical Strike
1 Bladestorm
» actions
| Assign group hotkey | 29 | |
| Basic commands | 3 | |
| Build / train | 36 | |
| Enter build submenu | 38 | |
| Enter hero's abilities submenu | 6 | |
| Give item / drop item | 1 | |
| Remove unit from queue | 1 | |
| Right click | 350 | |
| Select / deselect | 163 | |
| Select group hotkey | 48 | |
| Use ability | 67 | |
742 total
» units
| Peon | 11 | |
| Grunt | 4 | |
| Goblin Shredder | 1 | |
| Wind Rider | 2 | |
18 total
» upgrades
» buildings
| Altar of Storms | 1 | |
| Orc Burrow | 3 | |
| Barracks | 1 | |
| Voodoo Lounge | 1 | |
| War Mill | 2 | |
| Stronghold | 1 | |
| Great Hall | 4 | |
| Watch Tower | 22 | |
| Beastiary | 3 | |
| Fortress | 1 | |
39 total
» build order
00:43 Altar of Storms
00:46 Orc Burrow
00:55 Barracks
01:17 Orc Burrow
02:19 Voodoo Lounge
03:41 War Mill
03:52 Stronghold
05:13 Great Hall
05:27 Orc Burrow
05:30 Watch Tower
05:36 Watch Tower
05:37 Watch Tower
05:38 Watch Tower
07:48 Beastiary
08:06 Beastiary
08:30 Watch Tower
08:32 Watch Tower
08:54 Beastiary
10:33 War Mill
11:22 Great Hall
11:25 Watch Tower
11:26 Watch Tower
11:29 Watch Tower
11:29 Watch Tower
11:34 Watch Tower
11:37 Watch Tower
12:50 Great Hall
12:58 Watch Tower
13:02 Watch Tower
13:02 Watch Tower
13:03 Watch Tower
13:04 Watch Tower
13:07 Watch Tower
13:13 Watch Tower
13:14 Watch Tower
13:42 Great Hall
14:16 Watch Tower
14:18 Watch Tower
14:47 Fortress
» items
| Healing Salve | 2 | |
| Boots of Speed | 1 | |
| Periapt of Vitality | 1 | |
4 total
HUMAN.HORSEMEN (
blue | 54 APM | 1079 actions | 20:07)
6 Mountain King
3 Storm Bolt
2 Bash
1 Avatar
» actions
| Assign group hotkey | 32 | |
| Basic commands | 2 | |
| Build / train | 84 | |
| Enter build submenu | 20 | |
| Enter hero's abilities submenu | 6 | |
| Give item / drop item | 2 | |
| Right click | 343 | |
| Select / deselect | 227 | |
| Select group hotkey | 275 | |
| Use ability | 88 | |
1079 total
» units
| Peasant | 12 | |
| Footman | 8 | |
| Goblin Shredder | 7 | |
| Gryphon Rider | 3 | |
| Mortar Team | 2 | |
32 total
» upgrades
| Masonry | 3 | |
| Lumber Harvesting | 1 | |
| Swords | 3 | |
| Armor | 3 | |
| Storm Hammers | 1 | |
| Animal War Training | 1 | |
| Gunpowder | 1 | |
| Flare | 1 | |
| Fragmentation Shards | 1 | |
| Barrage | 1 | |
| Flying Machine Bombs | 1 | |
| Flak Cannons | 1 | |
18 total
» buildings
| Altar of Kings | 1 | |
| Barracks | 2 | |
| Farm | 13 | |
| Scout Tower | 17 | |
| Arcane Vault | 1 | |
| Arcane Tower | 2 | |
| Lumber Mill | 1 | |
| Town Hall | 1 | |
| Guard Tower | 11 | |
| Keep | 2 | |
| Blacksmith | 1 | |
| Castle | 2 | |
| Gryphon Aviary | 3 | |
| Workshop | 3 | |
60 total
» build order
00:11 Altar of Kings
00:26 Barracks
00:39 Farm
00:53 Farm
01:34 Farm
01:48 Scout Tower
02:05 Arcane Vault
02:19 Arcane Tower
02:20 Arcane Tower
02:38 Lumber Mill
03:41 Town Hall
03:47 Scout Tower
03:49 Scout Tower
04:00 Farm
04:27 Guard Tower
04:27 Guard Tower
05:47 Scout Tower
05:48 Scout Tower
05:49 Scout Tower
06:01 Keep
07:33 Guard Tower
08:14 Blacksmith
08:43 Castle
08:50 Gryphon Aviary
08:51 Gryphon Aviary
08:52 Gryphon Aviary
08:55 Farm
08:55 Farm
08:56 Farm
08:56 Farm
08:56 Farm
08:58 Farm
08:58 Farm
09:04 Barracks
09:58 Scout Tower
09:58 Scout Tower
09:59 Scout Tower
10:00 Scout Tower
10:01 Scout Tower
10:02 Scout Tower
10:02 Scout Tower
10:03 Scout Tower
10:04 Scout Tower
10:05 Scout Tower
10:25 Guard Tower
10:26 Guard Tower
10:58 Guard Tower
10:58 Guard Tower
10:59 Guard Tower
11:10 Farm
12:26 Guard Tower
13:00 Guard Tower
15:55 Workshop
15:56 Workshop
16:00 Workshop
» items
| Scroll of Regeneration | 1 | |
| Lesser Clarity Potion | 1 | |
| Healing Salve | 1 | |
| Scroll of Town Portal | 1 | |
| Potion of Mana | 1 | |
| Potion of Lesser Invulnerability | 1 | |
| Scroll of Healing | 1 | |
7 total

»
mimic26 (
orange | 36 APM | 716 actions | 19:45)
4 Demon Hunter
2 Immolation
2 Evasion
» actions
| Build / train | 68 | |
| Enter build submenu | 18 | |
| Enter hero's abilities submenu | 4 | |
| Give item / drop item | 5 | |
| Remove unit from queue | 1 | |
| Right click | 267 | |
| Select / deselect | 300 | |
| Use ability | 53 | |
716 total
» units
| Wisp | 22 | |
| Archer | 16 | |
| Chimaera | 2 | |
| Hippogryph | 9 | |
49 total
» upgrades
| Hippogryph Taming | 1 | |
| Moon Armor | 3 | |
| Corrosive Breath | 1 | |
5 total
» buildings
| Moon Well | 8 | |
| Altar of Elders | 1 | |
| Ancient of War | 1 | |
| Tree of Ages | 1 | |
| Tree of Eternity | 1 | |
| Ancient of Wind | 2 | |
| Chimaera Roost | 2 | |
| Ancient of Wonders | 1 | |
| Tree of Life | 1 | |
| Hunter's Hall | 1 | |
19 total
» build order
00:18 Moon Well
00:26 Altar of Elders
00:41 Ancient of War
02:10 Moon Well
02:50 Tree of Ages
03:30 Moon Well
04:24 Moon Well
05:13 Tree of Eternity
05:16 Ancient of Wind
07:40 Chimaera Roost
08:32 Chimaera Roost
10:27 Ancient of Wonders
11:02 Tree of Life
12:40 Ancient of Wind
12:47 Hunter's Hall
16:03 Moon Well
16:05 Moon Well
18:20 Moon Well
18:23 Moon Well
» items
| Potion of Healing | 2 | |
| Potion of Mana | 1 | |
| Periapt of Vitality | 1 | |
| Scroll of Town Portal | 1 | |
| Scroll of Healing | 1 | |
6 total
team 2 (loser)
poopoowees (
purple | 59 APM | 836 actions | 14:08)
3 Paladin
2 Holy Light
1 Divine Shield
1 Archmage
1 Summon Water Elemental
» actions
| Assign group hotkey | 19 | |
| Basic commands | 23 | |
| Build / train | 58 | |
| Enter build submenu | 22 | |
| Enter hero's abilities submenu | 4 | |
| Right click | 267 | |
| Select / deselect | 179 | |
| Select group hotkey | 203 | |
| Use ability | 61 | |
836 total
» units
| Peasant | 18 | |
| Footman | 13 | |
| Kobold | 1 | |
| Murloc Huntsman | 1 | |
| Assassin | 1 | |
| Kobold Geomancer | 1 | |
| Sorceress | 1 | |
| Priest | 2 | |
38 total
» upgrades
» buildings
| Altar of Kings | 1 | |
| Barracks | 1 | |
| Farm | 7 | |
| Lumber Mill | 1 | |
| Arcane Vault | 1 | |
| Scout Tower | 8 | |
| Arcane Tower | 2 | |
| Guard Tower | 6 | |
| Keep | 1 | |
| Arcane Sanctum | 2 | |
| Blacksmith | 1 | |
31 total
» build order
00:20 Altar of Kings
00:24 Barracks
00:28 Farm
00:33 Farm
01:21 Lumber Mill
01:34 Farm
02:11 Farm
02:15 Arcane Vault
03:03 Farm
04:58 Scout Tower
05:09 Arcane Tower
05:11 Scout Tower
05:21 Guard Tower
05:24 Scout Tower
05:44 Scout Tower
05:57 Guard Tower
05:57 Guard Tower
05:59 Scout Tower
06:14 Guard Tower
06:16 Scout Tower
06:31 Guard Tower
06:46 Scout Tower
06:56 Keep
07:00 Guard Tower
08:47 Farm
09:22 Arcane Sanctum
10:40 Arcane Sanctum
12:10 Scout Tower
12:22 Blacksmith
12:31 Farm
12:39 Arcane Tower
» items
| Scroll of Regeneration | 3 | |
| Scroll of Town Portal | 1 | |
4 total

»
blGmLgFIsh (
yellow | 23 APM | 452 actions | 19:44)
3 Keeper of the Grove
1 Force of Nature
2 Thorns Aura
2 Priestess of the Moon
1 Trueshot Aura
1 Scout
» actions
| Assign group hotkey | 6 | |
| Build / train | 48 | |
| Enter build submenu | 13 | |
| Enter hero's abilities submenu | 6 | |
| Remove unit from queue | 2 | |
| Right click | 189 | |
| Select / deselect | 144 | |
| Select group hotkey | 24 | |
| Use ability | 20 | |
452 total
» units
| Wisp | 12 | |
| Archer | 8 | |
| Dryad | 6 | |
| Druid of the Talon | 3 | |
| Faerie Dragon | 4 | |
33 total
» upgrades
| Strength of the Wild | 1 | |
| Reinforced Hides | 1 | |
| Abolish Magic | 1 | |
3 total
» buildings
| Altar of Elders | 1 | |
| Moon Well | 6 | |
| Ancient of War | 1 | |
| Tree of Ages | 2 | |
| Ancient of Wonders | 1 | |
| Hunter's Hall | 1 | |
| Ancient of Lore | 2 | |
| Ancient of Wind | 1 | |
15 total
» build order
00:10 Altar of Elders
00:14 Moon Well
01:00 Ancient of War
01:45 Moon Well
02:52 Moon Well
04:06 Tree of Ages
04:07 Tree of Ages
04:17 Ancient of Wonders
05:21 Moon Well
07:11 Hunter's Hall
08:40 Ancient of Lore
08:44 Ancient of Lore
08:52 Ancient of Wind
09:05 Moon Well
10:20 Moon Well
» items
JohnnyGat (
green | 54 APM | 747 actions | 13:46)
3 Dreadlord
2 Sleep
1 Vampiric Aura
» actions
| Assign group hotkey | 88 | |
| Basic commands | 4 | |
| Build / train | 31 | |
| Enter build submenu | 11 | |
| Enter hero's abilities submenu | 3 | |
| Remove unit from queue | 6 | |
| Right click | 299 | |
| Select / deselect | 153 | |
| Select group hotkey | 103 | |
| Use ability | 49 | |
747 total
» units
| Acolyte | 4 | |
| Ghoul | 3 | |
| Crypt Fiend | 3 | |
| Obsidian Statue | 4 | |
14 total
» upgrades
| Creature Attack | 2 | |
| Creature Carapace | 1 | |
| Destroyer Form | 1 | |
4 total
» buildings
| Altar of Darkness | 1 | |
| Ziggurat | 5 | |
| Graveyard | 1 | |
| Crypt | 1 | |
| Tomb of Relics | 1 | |
| Spirit Tower | 3 | |
| Halls of the Dead | 1 | |
| Slaughterhouse | 1 | |
| Black Citadel | 1 | |
15 total
» build order
00:08 Altar of Darkness
00:12 Ziggurat
00:38 Graveyard
01:02 Crypt
01:24 Ziggurat
01:39 Tomb of Relics
02:22 Spirit Tower
03:01 Ziggurat
04:49 Spirit Tower
05:04 Halls of the Dead
05:30 Spirit Tower
07:39 Slaughterhouse
07:41 Black Citadel
11:48 Ziggurat
12:52 Ziggurat
» items
| Potion of Healing | 1 | |
| Scroll of Town Portal | 1 | |
| Boots of Speed | 1 | |
| Staff of Teleportation | 1 | |
4 total
mouth2mouth (
red | 46 APM | 616 actions | 13:16)
2 Demon Hunter
1 Immolation
1 Evasion
» actions
| Assign group hotkey | 92 | |
| Basic commands | 137 | |
| Build / train | 41 | |
| Enter build submenu | 11 | |
| Enter hero's abilities submenu | 2 | |
| Remove unit from queue | 1 | |
| Right click | 126 | |
| Select / deselect | 129 | |
| Select group hotkey | 57 | |
| Use ability | 20 | |
616 total
» units
| Wisp | 12 | |
| Huntress | 7 | |
| Dryad | 5 | |
| Druid of the Talon | 3 | |
| Hippogryph | 3 | |
30 total
» upgrades
| Strength of the Moon | 2 | |
| Moon Armor | 1 | |
| Abolish Magic | 1 | |
| Strength of the Wild | 1 | |
5 total
» buildings
| Moon Well | 4 | |
| Altar of Elders | 1 | |
| Hunter's Hall | 1 | |
| Ancient of War | 2 | |
| Ancient of Wonders | 1 | |
| Tree of Ages | 1 | |
| Ancient of Lore | 1 | |
| Ancient of Wind | 1 | |
12 total
» build order
00:09 Moon Well
00:14 Altar of Elders
01:16 Hunter's Hall
01:47 Ancient of War
02:33 Ancient of War
02:37 Moon Well
02:40 Moon Well
03:29 Ancient of Wonders
05:21 Moon Well
05:52 Tree of Ages
08:31 Ancient of Lore
08:38 Ancient of Wind
» items
Chat log
(00:12 / Allies) mimic26: hi
(00:19 / Allies) HUMAN.HORSEMEN: griffs mk
(00:22 / Allies) HUMAN.HORSEMEN: copters as well
(00:23 / Allies) HUMAN.HORSEMEN: and tanks
(00:30 / Allies) mimic26: chims
(01:03 / All) HUMAN.HORSEMEN: heil hitler
(01:10 / All) JohnnyGat: heil fuhrer
(01:15 / All) HUMAN.HORSEMEN: NEIN
(01:43 / All) HUMAN.HORSEMEN: stick it up yoru anus red!
(01:44 / All) InGodsHands: Hitler was a great man and an even better human being
(01:49 / All) InGodsHands: Very kind
(01:51 / All) JohnnyGat: I agre
(01:53 / All) JohnnyGat: e
(01:54 / All) mouth2mouth: excuse the fuck me
(01:59 / All) JohnnyGat: Only problem with Hitler is that he didn't go far enough
(02:01 / All) mouth2mouth: get it up proton pum
(02:13 / All) JohnnyGat: Get it up the electron bum
(02:27 / All) mouth2mouth: atp synthase
(02:34 / All) mimic26: hitler was a moron ivading russia
(02:44 / All) JohnnyGat: Hitler was a very good man and even better tactician
(02:45 / All) mouth2mouth: give me your proton
(02:48 / All) InGodsHands: Throw more cliches at me
(02:51 / All) JohnnyGat: Russia was number 1 to rape
(03:17 / Allies) mimic26: you guys i am the only wwon upgrading lol
(04:13 / All) mouth2mouth: go down the proton gradient
(04:23 / All) mouth2mouth: atp synthase
(05:40 / Allies) HUMAN.HORSEMEN: they are there
(05:59 / Allies) InGodsHands: hang on buddy
(06:00 / Allies) darenmatics: tp
(06:00 / All) mouth2mouth: BURROW
(06:05 / Allies) HUMAN.HORSEMEN: tp
(06:05 / Allies) mimic26: be in a sec
(06:06 / Allies) InGodsHands: HANG ON BUDDY
(06:08 / Allies) InGodsHands: BURROW AND BACK
(06:14 / All) JohnnyGat: shut the fuck up red, jesus, you're talking all game
(07:48 / Allies) mimic26: wood please
(08:27 / Allies) HUMAN.HORSEMEN: i got shred ill feed u nigga
(08:35 / Allies) mimic26: wood pleaswe
(12:47 / All) mouth2mouth: wow
(12:50 / All) mouth2mouth: gg
(12:54 / All) JohnnyGat: gg
(12:55 / All) HUMAN.HORSEMEN: lawl noobs
(12:56 / All) JohnnyGat: Get the fuck out red
(12:59 / All) mouth2mouth: yup
(13:07 / All) JohnnyGat: You lost anyway red -- why stay?
(13:11 / All) JohnnyGat: Rushes always work, lol
(13:20 / All) JohnnyGat: owned
(13:34 / All) HUMAN.HORSEMEN: he was 47-57, im sure it was never his fault
(13:54 / Allies) InGodsHands: :/
(13:57 / All) poopoowees: lol pink
(14:31 / All) HUMAN.HORSEMEN: yellow, u need to beg for the win
(14:39 / Allies) mimic26: blue lol 2 shreders
(15:03 / All) blGmLgFIsh: kid your BK of the day
(15:09 / All) HUMAN.HORSEMEN: bk?
(15:22 / All) blGmLgFIsh: hahaha Noob
(15:39 / All) HUMAN.HORSEMEN: ur 33-31 that is laughable
(16:17 / All) blGmLgFIsh: naw not minw
(16:53 / Allies) HUMAN.HORSEMEN: hit purple
(17:42 / Allies) HUMAN.HORSEMEN: dont run rertard
(18:41 / All) blGmLgFIsh: gj blue gryfs when op team went dryads
(18:58 / All) InGodsHands: Do you want to win?
(18:59 / All) HUMAN.HORSEMEN: plz leave u got raped
(19:35 / All) blGmLgFIsh: search cotandor im out clan B0ss with a zero and P0ss with a zero Noobs